 Dungeon Crawl Stone Soup version 0.22-a0-367-gb72a975 (webtiles) character file.

315 khargal the Cudgeler (level 6, -5/38 HPs)
             Began as a Gargoyle Monk on Apr 22, 2018.
             Killed by divine providence
             ... invoked by an orc priest
              (12 damage)
             ... on level 4 of the Dungeon.
             The game lasted 00:11:50 (3255 turns).

khargal the Cudgeler (Gargoyle Monk)                Turns: 3255, Time: 00:11:51

Health: -5/38      AC: 16    Str: 14    XL:     6   Next: 43%
Magic:  6/6        EV:  2    Int: 13    God:
Gold:   86         SH: 11    Dex: 17    Spells: 5/5 levels left

rFire    . . .     SeeInvis .   m - +0 whip
rCold    . . .     Gourm    .   l - +0 large shield (curse)
rNeg     + . .     Faith    .   f - +2 chain mail {MR+}
rPois    ∞         Spirit   .   (no helmet)
rElec    +         Reflect  .   (no cloak)
rCorr    .         Harm     .   (no gloves)
MR       +....                  b - +0 pair of boots
Stlth    ..........             (no amulet)
HPRegen  0.12/turn              e - +3 ring of dexterity
MPRegen  0.10/turn              i - +2 ring of intelligence

@: no status effects
A: negative energy resistance 1, electricity resistance, unbreathing,
petrification resistance, rot immunity, AC +4
a: no special abilities


You were on level 4 of the Dungeon.
You were very hungry.

You visited 1 branch of the dungeon, and saw 4 of its levels.

You collected 86 gold pieces.

Inventory:

Hand Weapons
 a - a +0 mace
 m - a +0 whip (weapon)
Missiles
 p - 17 poisoned needles
Armour
 b - a +0 pair of boots (worn)
 d - a +2 plate armour
 f - a +2 chain mail of magic resistance (worn)
 l - a cursed +0 large shield (worn)
Jewellery
 e - a +3 ring of dexterity (left hand)
 i - a +2 ring of intelligence (right hand)
Scrolls
 g - 2 scrolls of teleportation
 j - 3 scrolls of identify
Potions
 n - 2 potions of might
 q - a potion of flight
Comestibles
 c - 8 rations


   Skills:
 + Level 4.3 Fighting
 + Level 5.2 Maces & Flails
 + Level 3.1 Armour
 + Level 2.9 Dodging
 - Level 2.2 Stealth
 + Level 0.4 Shields


You had 5 spell levels left.
You didn't know any spells.

Dungeon Overview and Level Annotations

Branches:
Dungeon (4/15)
 Temple: D:4-7

Altars:
Ashenzari
Cheibriados
Dithmenos
Nemelex Xobeh
Trog

Annotations:
D:4 Sigmund


Innate Abilities, Weirdness & Mutations

You are resistant to torment.
Your stone body is resilient. (AC +4)
You are immune to poison.
You resist negative energy. (rN+)
You are resistant to electric shocks. (rElec)
You can survive without breathing.
You are immune to petrification.
You are immune to rotting.


Message History

The orc is severely wounded.
The orc hits you but does no damage.
Your shield prevents you from hitting the orc.
The orc is severely wounded.
The orc hits you but does no damage.
You closely miss the orc.
The orc is severely wounded.
The orc hits you but does no damage.
You hit the orc but do no damage.
The orc is severely wounded.
You block the orc's attack.
You closely miss the orc.
The orc is severely wounded.
The phantom hits you but does no damage.
The orc completely misses you.
You hit the orc but do no damage.
The orc is severely wounded.
The orc priest calls down the wrath of Beogh upon you.
Beogh smites you!
You die...

#####...# #....[.)# ..
###.# #####.#<# .. #W##
##.#.# .. #..#
######..#o####.. ##.##
#.......#o.(o?.< #..#####
#.......#h....## ###.<...#
#......?.......#
#.....#.####........(.....#
##^......W@o.o.............
#####..####.......#.......
##... #.......#.....##
#........(..........
#.........##........#
#....... # #.......
########


You could see a phantom, an orc priest and an orc.

Vanquished Creatures
  A sky beast (D:3)
  An orc priest (D:4)
  A hound (D:4)
  An orc wizard (D:4)
  4 adders (D:3)
  An ooze (D:3)
  A worm (D:3)
  A dart slug (D:2)
  2 leopard geckos
  11 orcs
  4 giant cockroaches
  10 goblins
  3 hobgoblins
  12 jackals
  2 quokkas (D:3)
  6 bats
  4 frilled lizards
  10 kobolds
  5 rats
80 creatures vanquished.

Notes
Turn   | Place    | Note
-------+----------+-------------------------------------------
     0 | D:1      | khargal the Gargoyle Monk began the quest for the Orb.
     0 | D:1      | Reached XP level 1. HP: 14/14 MP: 1/1
    64 | D:1      | Reached XP level 2. HP: 14/19 MP: 2/2
   374 | D:1      | Reached XP level 3. HP: 20/24 MP: 3/3
  1002 | D:2      | Found a shadowy altar of Dithmenos.
  1647 | D:2      | Found a bloodstained altar of Trog.
  1842 | D:3      | Reached XP level 4. HP: 28/29 MP: 4/4
  1901 | D:3      | Reached skill level 4 in Maces & Flails
  2047 | D:3      | Reached skill level 1 in Armour
  2145 | D:3      | Found a snail-covered altar of Cheibriados.
  2146 | D:3      | Found a sparkling altar of Nemelex Xobeh.
  2353 | D:3      | Found a shattered altar of Ashenzari.
  2545 | D:4      | Noticed a sky beast
  2561 | D:3      | Killed a sky beast
  2561 | D:3      | Reached XP level 5. HP: 22/33 MP: 5/5
  2660 | D:3      | Reached skill level 5 in Maces & Flails
  2707 | D:4      | Reached XP level 6. HP: 38/38 MP: 6/6
  2720 | D:4      | Noticed Sigmund
  3145 | D:3      | HP: 1/38 [scorpion (5)]
  3202 | D:4      | Noticed a phantom
  3255 | D:4      | Killed from afar by an orc priest

Vault maps used:
D:1:      lightli_arrival_boilingwater
D:2:      lemuel_round_altar, trog_three_pillars_becter
D:3:      ashenzari_conservatory_becter, gammafunk_temple_overflow_wave,
          first_ration
D:4:      grunt_temple_overflow_champion_of_chaos, fedhas_altar_4, uniq_sigmund

Skill      XL: |  1  2  3  4  5 |
---------------+----------------+-----
Maces & Flails | 4 5 |  5.2
Armour         | 2 3 |  3.1
Fighting       | 4 |  4.3
Dodging        | |  2.9
Stealth        | |  2.2
Shields        | |  0.4

Action                   |  1- 3 |  4- 6 || total
-------------------------+-------+-------++-------
Melee: Mace              |   142 |   175 ||   317
       Whip              |       |   100 ||   100
  Use: Scroll            |     4 |     9 ||    13
       Potion            |     3 |     1 ||     4
 Stab: Sleeping          |     2 |       ||     2
  Eat: Chunk             |     3 |     4 ||     7
Armor: Robe              |    26 |       ||    26
       Plate armour      |    76 |   168 ||   244
       Chain mail        |       |   128 ||   128
Dodge: Dodged            |    64 |    73 ||   137
Block: Large shield      |       |    41 ||    41

Table legend:
 A = Spawn XP
 B = Non-spawn XP
 C = Spawn XP percentage of total XP
 D = Spawn monster count
 E = Non-spawn monster count
 F = Spawn count percentage of total count
 G = Total turns spent on level
                    A         B        C        D         E        F      G
               +---------+---------+-------+---------+---------+-------+---------
         Total |       0 |     450 |   0.0 |       0 |      80 |   0.0 |  3255
               +---------+---------+-------+---------+---------+-------+---------
           D:1 |       0 |      41 |   0.0 |       0 |      26 |   0.0 |   969
           D:2 |       0 |      40 |   0.0 |       0 |      20 |   0.0 |   903
           D:3 |       0 |     235 |   0.0 |       0 |      28 |   0.0 |  1196
           D:4 |       0 |     134 |   0.0 |       0 |       6 |   0.0 |   187
               +---------+---------+-------+---------+---------+-------+---------
